 Dungeon Crawl Stone Soup version 0.27-a0-1358-ga0a28fc8c3 (webtiles) character file.

Game seed: 1215017606036295283

7 HESUNTHESUNT the Sneak (level 2, -1/16 HPs)
             Began as a Vine Stalker Delver on June 24, 2021.
             Slain by an orc (3 damage)
             ... on level 5 of the Dungeon on June 28, 2021.
             The game lasted 00:01:31 (295 turns).

HESUNTHESUNT the Sneak (Vine Stalker Delver)         Turns: 295, Time: 00:01:33

Health: -1/16      AC:  3    Str: 14    XL:     2   Next: 4%
Magic:  0/3        EV: 11    Int: 10    God:
Gold:   27         SH:  0    Dex: 15    Spells: 1/1 levels left

rFire    . . .     SeeInvis .   a - +0 falchion
rCold    . . .     Faith    .   (no shield)
rNeg     . . .     Spirit   +   b - +0 leather armour
rPois    .         Reflect  .   (no helmet)
rElec    .         Harm     .   (no cloak)
rCorr    .         Rampage  .   (no gloves)
Will     .....                  (no boots)
Stlth    +++.......             (no amulet)
HPRegen  0.05/turn              (no ring)
MPRegen  0.08/turn              (no ring)

@: no status effects
A: fangs 2, magic shield, antimagic bite, no potion heal 2
a: no special abilities


You were on level 5 of the Dungeon.
You visited 1 branch of the dungeon, and saw 1 of its levels.

You collected 27 gold pieces.

Inventory:

Hand Weapons
 a - a +0 falchion (weapon)
Armour
 b - a +0 leather armour (worn)
Wands
 g - a wand of digging (3)
Scrolls
 c - a scroll of fog
 d - a scroll of magic mapping
 e - a scroll of fear
Potions
 f - a potion of haste
 h - a potion of curing


   Skills:
 + Level 2.8 Fighting
 * Level 2.1 Long Blades
 + Level 0.3 Armour
 - Level 1.5 Dodging
 - Level 6.0 Stealth


You had one spell level left.
You didn't know any spells.
Your spell library was empty.

Dungeon Overview and Level Annotations

Branches:
Dungeon (5/15)
 Temple: D:4-7

Altars:


Innate Abilities, Weirdness & Mutations

You have extremely sharp teeth.
When hurt, damage is shared between your health and your magic reserves.
Your bite disrupts and absorbs the magic of your enemies.
Potions cannot restore your health.


Message History

The ufetubus is heavily wounded.
The ufetubus closely misses you.
The ufetubus hits you but does no damage.
You hit the ufetubus.
You kill the ufetubus!
Your Long Blades skill increases to level 2!
The sentinel's mark upon you fades away.
An orc comes into view. It is wielding a +0 mace.
Welcome back, HESUNTHESUNT the Vine Stalker Delver.
Press ? for a list of commands and other information.
An orc is nearby!
You catch the helpless orc completely off-guard!
You hit the orc.
The orc is heavily wounded.
An orc comes into view. It is wielding a +0 whip.
The orc hits you with a +0 mace.
You are too injured to fight recklessly!
You are too injured to fight recklessly!
You are too injured to fight recklessly!
You are too injured to fight recklessly!
You are too injured to fight recklessly!
You are too injured to fight recklessly!
You are too injured to fight recklessly!
You are too injured to fight recklessly!
You are too injured to fight recklessly!
You are too injured to fight recklessly!
The orc shouts!
You hit the orc. You bite the orc, but do no damage.
The orc is severely wounded.
You hear a shout!
The orc closely misses you.
You riposte.
You completely miss the orc.
The orc is severely wounded.
You hit the orc.
You kill the orc!
The orc hits you with a +0 whip.
* * * LOW HITPOINT WARNING * * *
You have reached level 2!
An orc priest comes into view. It is wielding a +0 falchion.
The orc hits you with a +0 whip.
You die...

############.#
#.........##..
#.[......(####
#####.........+...
#.............####
#.####........#
#.#...........##
#.#............#
#@#............#
#o#.#.###+#+##.#
#.#.#.# #.#.##>###
#.#.#.# #.#.##....
#.#.#.###.#.##..##
#.#.......#.##..#
#.###.#.....##..#
#.....#.######..##
#######.# #....


You could see an orc.

Vanquished Creatures
  An ufetubus (D:5)
  An orc (D:5)
2 creatures vanquished.

Notes
Turn   | Place    | Note
-------+----------+-------------------------------------------
     0 | D:5      | HESUNTHESUNT the Vine Stalker Delver began the quest for
                  | the Orb.
     0 | D:5      | Reached XP level 1. HP: 11/11 MP: 2/2
   226 | D:5      | Upgraded the game from 0.27-a0-1325-g58a489ad9e to
                  | 0.27-a0-1358-ga0a28fc8c3
   270 | D:5      | Reached XP level 2. HP: 1/16 MP: 0/3
   295 | D:5      | Slain by an orc

Illustrated notes

Levels and vault maps discovered:
D:5:      layout_basic, minmay_fire_ice_demons

Skill      XL: |  1 |
---------------+----+-----
Long Blades    | 2 |  2.1
Fighting       | |  2.8
Armour         | |  0.3
Dodging        | |  1.5
Stealth        | |  6.0

Action                   || total
-------------------------++-------
Melee: Falchion          ||     6
       Bite              ||     2
  Use: Potion            ||     1
 Stab: Distracted        ||     1
Armor: Leather armour    ||     7
Dodge: Dodged            ||    12
       Rpst.: Falchion   ||     3

Table legend: (Time is in decaauts)
 A = Elapsed time spent in this place.
 B = Non-inter-level travel time spent in this place.
 C = Inter-level travel time spent in this place.
 D = Time resting spent in this place.
 E = Time spent auto-exploring this place.
 F = Levels seen in this place.
 G = Mean time per level.
                   A        B        C        D        E       F      G
               +--------+--------+--------+--------+--------+-----+--------+
         Total |    296 |    296 |      0 |      0 |    214 |   1 |  296.0 |
       Dungeon |    296 |    296 |      0 |      0 |    214 |   1 |  296.0 |
               +--------+--------+--------+--------+--------+-----+--------+

Top non-repeatable levels by time:
     D:5: 296 daAuts
